 Dungeon Crawl Stone Soup version 0.19-a0-1587-gaef70b6 (webtiles) character file.

5758 dvd the Blocker (level 10, -1/61 HPs)
             Began as a Gargoyle Fighter on Sept 16, 2016.
             Was a Priest of Qazlal.
             Slain by a minotaur
             ... wielding a +1 long sword of slicing
              (15 damage)
             ... in a labyrinth.
             The game lasted 00:37:05 (10805 turns).

dvd the Blocker (Gargoyle Fighter)                 Turns: 10805, Time: 00:37:06

Health: -1/61      AC: 28    Str: 21    XL:     10   Next: 78%
Magic:  9/10       EV:  7    Int:  9    God:    Qazlal [***...]
Gold:   592        SH: 15    Dex: 11    Spells: 1 memorised, 7 levels left

rFire  + . .     SeeInvis +     b - +2 long sword (protect)
rCold  + . .     Gourm    .     J - +0 chain mail {rF+}
rNeg   + . .     Faith    .     c - +1 shield
rPois  ∞         Spirit   .     o - +2 helmet of Usaxedad {rElec}
rElec  +         Dismiss  .     d - +2 cloak of the Thief {+Fog Slay-2 SInv Stlth+}
rCorr  .         Reflect  .     (no gloves)
MR     .....     Harm     .     (no boots)
Stlth  ..........               (no amulet)
                                (no ring)
                                h - ring of protection from cold

@: drained
A: negative energy resistance 1, electricity resistance, unbreathing,
petrification resistance, rot immunity, AC +7
a: Upheaval, Elemental Force, Renounce Religion, Evoke Fog


You were in a labyrinth.
You worshipped Qazlal.
Qazlal was most pleased with you.
You were hungry.

You visited 3 branches of the dungeon, and saw 12 of its levels.
You also visited: Labyrinth.

You collected 592 gold pieces.

Inventory:

Hand Weapons
 a - a +0 war axe
 b - a +2 long sword of protection (weapon)
 j - a cursed -1 whip
 n - a +0 flail
 p - a +0 mace of protection
 A - a +0 falchion of freezing
 G - a +2 shortbow of freezing
Missiles
 q - 51 sling bullets
Armour
 c - a +1 shield (worn)
 d - the +2 cloak of the Thief (worn) {+Fog Slay-2 SInv Stlth+}
   (You acquired it in a labyrinth)

   It affects your accuracy and damage with ranged weapons and melee attacks
   (-2).
   It lets you see invisible.
   It can be evoked to emit clouds of fog.
   It makes you more stealthy.
 o - the +2 helmet of Usaxedad (worn) {rElec}
   (You took it off Robin on level 3 of the Dungeon)

   It insulates you from electricity.
 J - a +0 chain mail of fire resistance (worn)
 O - the +1 scale mail "Giceas" {*Drain Str+4}
   (You found it on level 8 of the Dungeon)

   It affects your strength (+4).
   It causes draining when unequipped.
 R - a +0 scale mail of fire resistance
Rods
 K - a -1 rod of shadows (12/12)
   (You found it on level 7 of the Dungeon)
Jewellery
 h - a ring of protection from cold (left hand)
Wands
 g - a wand of polymorph (22/24)
 u - a wand of flame (4/48)
 D - a wand of flame (24/48)
 F - a wand of paralysis (10/24)
 H - a wand of paralysis (7/24)
 M - a wand of iceblast (11/15)
Scrolls
 e - 3 scrolls of recharging
 k - 8 scrolls of identify
 r - 2 scrolls of amnesia
 y - 2 scrolls of remove curse
 P - a scroll of fog
Potions
 C - a potion of magic
 L - a potion of flight
Books
 l - a book of Spatial Translocations

   Spells                             Type                      Level
   a - Apportation                    Translocation                1
   b - Blink                          Translocation                2
   c - Shroud of Golubria             Charms/Translocation         2
   d - Portal Projectile              Translocation                3
   e - Teleport Other                 Translocation                3
   f - Passage of Golubria            Translocation                4
 v - a book of the Warp

   Spells                             Type                      Level
   a - Gell's Gravitas                Hexes/Translocation          3
   b - Force Lance                    Conjuration/Translocation    4
   c - Summon Forest                  Summoning/Translocation      5
   d - Dispersal                      Translocation                6
   e - Controlled Blink               Translocation                8
   f - Disjunction                    Translocation                8
 z - a book of Party Tricks

   Spells                             Type                      Level
   a - Summon Butterflies             Summoning                    1
   b - Apportation                    Translocation                1
   c - Tukima's Dance                 Hexes                        3
   d - Alistair's Intoxication        Transmutation/Poison         5
   e - Invisibility                   Hexes                        6
 N - a book of the Dragon

   Spells                             Type                      Level
   a - Flame Tongue                   Conjuration/Fire             1
   b - Cause Fear                     Hexes                        4
   c - Bolt of Fire                   Conjuration/Fire             6
   d - Dragon Form                    Transmutation                7
   e - Dragon's Call                  Summoning                    9
Comestibles
 f - 5 bread rations
 i - 7 meat rations
 m - 8 fruits
 T - 5 slices of pizza


   Skills:
 + Level 6.5(6.1) Fighting
 + Level 5.4(4.9) Long Blades
 + Level 8.5(8.0) Axes
 + Level 7.0(6.5) Armour
 + Level 2.9(2.5) Dodging
 + Level 2.1(1.7) Stealth
 + Level 8.8(8.3) Shields
 + Level 0.3(0.0) Evocations


You had 7 spell levels left.
You knew the following spells:

 Your Spells              Type           Power        Failure   Level  Hunger
a - Blink                 Tloc           N/A          100%        2    ###....


Dungeon Overview and Level Annotations

Branches:
Dungeon (10/15)            Temple (1/1) D:4            Lair (1/6) D:10
    Orc: D:9-12

Altars:
Ashenzari
Cheibriados
Dithmenos
Elyvilon
Fedhas
Gozag
Hepliaklqana
Kikubaaqudgha
Makhleb
Nemelex Xobeh
Okawaru
Qazlal
Ru
Sif Muna
Trog
Uskayaw
Vehumet
Xom
Yredelemnul
Zin
The Shining One

Shops:
D:4 [*

Annotations:
D:10 Joseph, Psyche


Innate Abilities, Weirdness & Mutations

You are resistant to torment.
Your stone body is resilient. (AC +7)
You are immune to poison.
You resist negative energy. (rN+)
You are resistant to electric shocks. (rElec)
You can survive without breathing.
You are immune to petrification.
You are immune to rotting.


Message History

You barely miss the minotaur.
The minotaur is moderately wounded.
The minotaur hits you but does no damage.
The minotaur completely misses you.
You hit the minotaur but do no damage.
The minotaur is moderately wounded.
The minotaur hits you with a long sword of slicing!
* * * LOW HITPOINT WARNING * * *
x2 The minotaur gores you but does no damage.
Unknown command.
You slash the minotaur!
The minotaur is moderately wounded.
The minotaur closely misses you.
You riposte.
You hit the minotaur but do no damage.
The minotaur is moderately wounded.
The minotaur gores you.
* * * LOW HITPOINT WARNING * * *
You feel better.
The minotaur hits you with a long sword of slicing!
You die...

## . .# # # .
#. . #
##.###.# ###
.. # .# ... .
.### # # # .H
. .#
▓######.## .
. # #
▓...H.#.....#
# ▓.###@#.#.#
# # # ▓...#.#
.# . . .
▓.#.###.#H#.#
▓.#H# ..#.#
▓##.#####.# #
▓.... H...#
▓########.#
... # # ##


You could see a minotaur.

Vanquished Creatures
  Grinder (D:6)
  2 hippogriffs
  The ghost of dvd the Shield-Bearer, an amateur GrFi (D:4)
  Sigmund (D:2)
  A spriggan (D:9)
  A hungry ghost (D:9)
  The ghost of dvd the Stinger, an amateur OpVM (D:3)
  4 water moccasins
  A porcupine (Lair:1)
  2 orc warriors
  An eye of draining (D:9)
  3 ice beasts
  2 black bears (D:8)
  A wasp (D:9)
  4 ogres
  6 centaurs
  A big kobold (D:5)
  Blork the orc (D:6)
  6 bullfrogs
  A water moccasin zombie (D:9)
  2 scorpions
  A spriggan skeleton (Lab)
  A bullfrog zombie (D:8)
  5 crimson imps
  6 hounds
  6 orc priests
  2 centaur zombies
  3 bullfrog skeletons
  7 orc wizards
  An iguana (D:6)
  Jessica (D:2)
  A centaur skeleton (Lab)
  Ijyb (D:3)
  Natasha (thrice) (D:2)
  7 worker ants
  A worker ant zombie (D:9)
  Robin (D:3)
  4 gnolls
  A river rat (D:10)
  11 adders
  A shadow imp (D:7)
  An adder zombie (D:7)
  An ooze (D:4)
  2 worms
  3 dart slugs
  2 leopard geckos
  26 orcs
  8 bats
  5 giant cockroaches
  11 goblins
  6 hobgoblins
  18 jackals
  3 quokkas
  4 ball pythons
  6 frilled lizards
  12 kobolds
  A leopard gecko skeleton (D:4)
  8 rats
224 creatures vanquished.

Vanquished Creatures (collateral kills)
  A wight (D:10)
1 creature vanquished.

Grand Total: 225 creatures vanquished

Notes
Turn   | Place    | Note
-------+----------+-------------------------------------------
     0 | D:1      | dvd the Gargoyle Fighter began the quest for the Orb.
     0 | D:1      | Reached XP level 1. HP: 14/14 MP: 1/1
   143 | D:1      | Reached XP level 2. HP: 16/19 MP: 2/2
   531 | D:1      | Reached XP level 3. HP: 23/23 MP: 3/3
   813 | D:2      | Noticed Jessica
   825 | D:2      | Killed Jessica
   825 | D:2      | Reached XP level 4. HP: 27/28 MP: 4/4
  1162 | D:2      | Noticed Sigmund
  1172 | D:2      | Noticed Natasha
  1188 | D:2      | Killed Sigmund
  1188 | D:2      | Reached skill level 1 in Dodging
  1188 | D:2      | Reached XP level 5. HP: 4/33 MP: 5/5
  1188 | D:2      | Reached XP level 6. HP: 5/38 MP: 6/6
  1192 | D:2      | Gained mutation: You have large cloven feet. [potion of mutation]
  1192 | D:2      | Gained mutation: You have supernaturally acute eyesight. (SInv) [potion of mutation]
  1192 | D:2      | Gained mutation: Your magical capacity is low. (-10% MP) [potion of mutation]
  1193 | D:2      | Killed Natasha
  1259 | D:2      | Noticed Natasha
  1273 | D:2      | Killed Natasha
  1638 | D:2      | Noticed Natasha
  1648 | D:2      | Killed Natasha
  1844 | D:3      | Noticed Robin
  1855 | D:3      | Killed Robin
  1870 | D:3      | Got a twisted helmet
  1876 | D:3      | Identified the +2 helmet of Usaxedad {rElec} (You took it off Robin on level 3 of the Dungeon)
  2065 | D:3      | Noticed Ijyb
  2091 | D:3      | Killed Ijyb
  2425 | D:3      | Noticed dvd's ghost (amateur OpVM)
  2448 | D:3      | Killed dvd's ghost
  2448 | D:3      | Reached XP level 7. HP: 32/43 MP: 6/6
  2687 | D:3      | Found a shadowy altar of Dithmenos.
  3050 | D:4      | Found a staircase to the Ecumenical Temple.
  3059 | Temple   | Entered the Ecumenical Temple
  3250 | Temple   | Became a worshipper of Qazlal Stormbringer
  3369 | D:4      | Reached skill level 5 in Armour
  3449 | D:4      | Found an ancient bone altar of Kikubaaqudgha.
  3481 | D:4      | Reached skill level 5 in Axes
  3597 | D:4      | Reached skill level 5 in Shields
  3669 | D:4      | Found a radiant altar of Vehumet.
  3673 | D:4      | Found an opulent altar of Gozag.
  3683 | D:4      | Reached XP level 8. HP: 48/48 MP: 7/7
  3750 | D:4      | Noticed dvd's ghost (amateur GrFi)
  3929 | D:4      | Found Ybogague's Armour Shop.
  4064 | D:5      | Entered Level 5 of the Dungeon
  4162 | D:5      | Reached * piety under Qazlal
  5459 | D:6      | Noticed Blork the orc
  5473 | D:6      | Killed Blork the orc
  5473 | D:6      | Reached XP level 9. HP: 37/53 MP: 8/8
  5512 | D:6      | Reached skill level 5 in Fighting
  5594 | D:6      | Noticed Grinder
  5594 | D:6      | Paralysed by Grinder for 3 turns
  5609 | D:6      | Killed Grinder
  5811 | D:7      | Reached ** piety under Qazlal
  5860 | D:7      | Reached skill level 1 in Long Blades
  6128 | D:7      | Learned a level 2 spell: Blink
  6513 | D:7      | Identified a -1 rod of shadows (12/12) (You found it on level 7 of the Dungeon)
  6524 | D:7      | Found a sacrificial altar of Ru.
  7407 | D:8      | Reached skill level 1 in Stealth
  7407 | D:8      | Reached XP level 10. HP: 60/60 MP: 9/9
  7497 | D:8      | Got a twisted scale mail
  7508 | D:8      | Identified the +1 scale mail "Giceas" {*Drain Str+4} (You found it on level 8 of the Dungeon)
  8239 | D:4      | Found Ebipp's Serpentskin Sales.
  8480 | D:4      | Killed dvd's ghost
  9248 | D:9      | Reached skill level 5 in Long Blades
  9303 | D:9      | Lost mutation: You have large cloven feet. [potion of cure mutation]
  9303 | D:9      | Lost mutation: Your magical capacity is low. (-10% MP) [potion of cure mutation]
  9303 | D:9      | Lost mutation: You have supernaturally acute eyesight. (SInv) [potion of cure mutation]
  9479 | D:10     | Entered Level 10 of the Dungeon
  9529 | D:10     | Noticed Psyche
  9541 | D:10     | Found a staircase to the Lair.
  9542 | D:10     | Noticed a white ugly thing
  9545 | D:10     | Reached *** piety under Qazlal
  9602 | D:10     | Noticed Joseph
  9646 | Lair:1   | Entered Level 1 of the Lair of Beasts
  9855 | Lair:1   | Found a labyrinth entrance.
  9863 | Lab      | Entered a labyrinth
 10536 | Lab      | Identified a scroll of acquirement
 10751 | Lab      | Noticed a minotaur
 10805 | Lab      | Slain by a minotaur

Vault maps used:
D:1:      matt_arrival_spirals, serial_bayou_pond_a, hex_tiny
D:2:      uniq_jessica, uniq_sigmund, uniq_natasha
D:3:      grunt_dithmenos_smoke_and_mirrors, uniq_robin, uniq_iyjb
D:4:      kiku_gazebo_pond_becter, gammafunk_temple_overflow_pools,
          serial_shops, nicolae_shop_trees, first_bread, guppyfry_shop_venom
D:6:      feat_on_display, uniq_grinder, uniq_blork_the_orc
D:7:      nicolae_ru_awakened_eye
D:9:      grunt_pizzeria
D:10:     due_lair_maze_entry_diamond, uniq_snorg, uniq_psyche, uniq_joseph
Temple:   regret_index_temple_sphere_string
Lair:1:   special_room, lab_entry_generic
Lab:      nicolae_lab_starburst, nicolae_lab_diamond, nicolae_lab_stuck,
          nicolae_lab_lava, nicolae_lab_checkerboard, nicolae_lab_x,
          nicolae_lab_grate, nicolae_lab_blocks

Skill      XL: |  1  2  3  4  5  6  7  8  9 10 |
---------------+-------------------------------+-----
Axes           | 2 3 4 5 7 8 |  8.5
Armour         | 4 5 6 7 |  7.0
Dodging        | 1 2 |  2.9
Shields        | 4 5 6 7 8 |  8.8
Fighting       | 4 5 6 |  6.5
Long Blades    | 3 5 |  5.4
Stealth        | 1 2 |  2.1
Evocations     | |  0.3

Action                   |  1- 3 |  4- 6 |  7- 9 | 10-12 || total
-------------------------+-------+-------+-------+-------++-------
Melee: War axe           |   118 |   164 |   294 |    22 ||   598
       Kick              |       |    28 |   126 |    87 ||   241
       Long sword        |       |       |   147 |   305 ||   452
       Falchion          |       |       |    10 |       ||    10
Invok: Upheaval          |       |       |       |     5 ||     5
Evoke: Wand              |       |       |     2 |     7 ||     9
       Rod               |       |       |       |     4 ||     4
  Use: Potion            |       |     2 |     2 |    13 ||    17
       Scroll            |       |       |    12 |     6 ||    18
 Stab: Paralysed         |       |       |     3 |     5 ||     8
       Invisible         |       |       |       |     1 ||     1
  Eat: Chunk             |       |     6 |    16 |     6 ||    28
       Pizza             |       |       |       |     4 ||     4
       Royal jelly       |       |       |       |     1 ||     1
       Beef jerky        |       |       |       |     1 ||     1
Armor: Scale mail        |    83 |    97 |    83 |    64 ||   327
       Chain mail        |       |       |   156 |   147 ||   303
       Skin              |       |       |       |     3 ||     3
Dodge: Dodged            |    47 |    38 |    94 |    70 ||   249
Block: Shield            |    65 |    79 |   342 |   276 ||   762
